 Dungeon Sprint DCSS version 0.31.0-12-g77e489cdc1 (webtiles) character file.

Game seed: 6400281440864521242

618 Groucho the Geomancer (level 7, -1/32 HPs)
             Began as a Spriggan Earth Elementalist on Feb 12, 2024.
             Was a High Priest of Sif Muna.
             Killed by the air
             ... invoked by Gastronok
              (33 damage)
             ... in the Dungeon (Sprint VII: "The Pits").
             The game lasted 00:03:45 (1806 turns).

Groucho the Geomancer (Spriggan Earth Elementalist) Turns: 1806, Time: 00:03:46

Health: -1/32      AC:  2    Str:  4    XL:     7   Next: 21%
Magic:  13/19      EV: 17    Int: 19    God:    Sif Muna [*****.]
Gold:   0          SH:  0    Dex: 15    Spells: 13/21 levels left

rFire   . . .        h - +2 dagger
rCold   . . .        (no shield)
rNeg    . . .        a - +0 robe
rPois   .            (helmet restricted)
rElec   .            (no cloak)
rCorr   .            (gloves unavailable)
SInv    +            (boots unavailable)
Will    +....        (no amulet)
Stlth   +++          (no ring)
HPRegen 0.25/turn    (no ring)
MPRegen 0.16/turn

%: no teleportation
@: very quick
A: very small, no large weapons, unfitting armour, see invisible, speed 3
a: Renounce Religion, Channel Magic, Forget Spell, Divine Exegesis


You were in the Dungeon.
You worshipped Sif Muna.
Sif Muna was extremely pleased with you.
You visited 1 branch

Inventory:

Hand Weapons
 h - a +2 dagger (weapon)
Missiles
 m - 10 stones
Armour
 a - a +0 robe (worn)
Scrolls
 g - a scroll of blinking
 j - 2 scrolls of vulnerability
 k - 5 scrolls of amnesia
 l - a scroll of summoning
Potions
 b - 5 potions of magic
 c - 6 potions of curing
 d - 6 potions of heal wounds
 e - a potion of haste
 f - 3 potions of berserk rage
 i - 2 potions of invisibility


   Skills:
 - Level 5.0 Short Blades
 - Level 2.6 Dodging
 - Level 7.0 Stealth
 + Level 7.9 Spellcasting
 + Level 4.6 Conjurations
 * Level 8.4 Earth Magic
 + Level 5.0 Alchemy
 + Level 5.5 Invocations


You had 13 spell levels left.
You knew the following spells:

 Your Spells              Type           Power      Damage    Failure   Level
a - Sandblast             Erth           78%        2d17      1%          1
b - Stone Arrow           Conj/Erth      64%        3d11      1%          3
c - Petrify               Alch/Erth      33%        N/A       6%          4

Your spell library contained the following spells:

 Spells                   Type           Power      Damage    Failure   Level
 Passwall                 Erth           39%        N/A       1%          3
 Brom's Barrelling Bould  Conj/Erth      32%        2d5       6%          4


Dungeon Overview and Level Annotations

Branches:
Dungeon (1/1)

Altars:
Ashenzari
Cheibriados
Dithmenos
Elyvilon
Fedhas
Gozag
Hepliaklqana
Kikubaaqudgha
Makhleb
Nemelex Xobeh
Okawaru
Qazlal
Ru
Sif Muna
Trog
Uskayaw
Vehumet
Wu Jian
Xom
Yredelemnul
Zin
The Shining One
Jiyva
Lugonu

Annotations:
D Gastronok


Innate Abilities, Weirdness & Mutations

You are very small and have problems with some larger weapons.
You are too small for most types of armour.
You have supernaturally acute eyesight. (SInv)
You cover ground extremely quickly. (Speed+++)


Message History

The stone arrow hits the fire bat!
The fire bat is heavily wounded.
The fire bat bites you.
You are engulfed in flames.
Unknown command.
Aiming: Stone Arrow (dangerous; 2% risk of failure)
Press: ? - help, Q - select action, (/) - cycle Shift-Dir - straight line, f/p - fire bat
Aim: a fire bat (heavily wounded, 60% to hit)
The stone arrow hits the fire bat!!
You kill the fire bat!
Sif Muna accepts your kill.
Training target 5.0 for Short Blades reached!
Your Short Blades skill increases to level 5!
Your Alchemy skill increases to level 5!
You have reached level 7!
Unknown command.
You start resting.
HP restored.
You start resting.
Magic restored.
There is an open door here.
You open the door.
Gastronok the Ponderous comes into view.
He is wearing a +2 hat of see invisible.
Gastronok gurgles horribly!
Aiming: Stone Arrow (safe; 1% risk of failure)
Press: ? - help, Q - select action, (/) - cycle Shift-Dir - straight line, f - Gastronok
Aim: Gastronok, wearing a +2 hat of see invisible (100% to hit)
The stone arrow hits Gastronok!
Gastronok is lightly wounded.
Unknown command.
Unknown command.
Aiming: Stone Arrow (safe; 1% risk of failure)
Press: ? - help, Q - select action, (/) - cycle Shift-Dir - straight line, f/p - Gastronok
Aim: Gastronok, wearing a +2 hat of see invisible (lightly wounded, 100% to hit)
The stone arrow hits Gastronok!
Gastronok is lightly wounded.
Gastronok waves his eye-stalks in wide circles.
The air twists around and strikes you!!
Ouch! That really hurt!
You die...
Gastronok gurgles, "Time to dig in!"

#.#..[)))..##.......#
#)###########.......#
#.......# #########
#.......# #...#...#
#..###..#+#
#...#...#.+
#.......#w#
#.......@.#
###########


You could see Gastronok.

Vanquished Creatures
  A fire bat (D)
  A black bear (D)
  A sky beast (D)
  2 brain worms (D)
  A scorpion (D)
  A gnoll bouda (D)
  An adder (D)
  4 gnolls (D)
  2 ufetubi (D)
  A ribbon worm (D)
  An orc (D)
  2 goblins (D)
  3 jackals (D)
  A quokka (D)
22 creatures vanquished.

Notes
Turn   | Place    | Note
-------+----------+-------------------------------------------
     0 | D        | Groucho the Spriggan Earth Elementalist began the quest for
                  | the Orb.
     0 | D        | Reached XP level 1. HP: 9/9 MP: 5/5
    14 | D        | Reached skill level 1 in Conjurations
    14 | D        | Reached skill level 3 in Earth Magic
    41 | D        | Found a glowing golden altar of the Shining One.
    41 | D        | Found a glowing silver altar of Zin.
    41 | D        | Found a basalt altar of Yredelemnul.
    41 | D        | Found a shimmering altar of Xom.
    41 | D        | Found an ornate altar of the Wu Jian Council.
    41 | D        | Found a bloodstained altar of Trog.
    41 | D        | Found a shimmering blue altar of Sif Muna.
    41 | D        | Found a sacrificial altar of Ru.
    41 | D        | Found a stormy altar of Qazlal.
    41 | D        | Found an iron altar of Okawaru.
    41 | D        | Found a sparkling altar of Nemelex Xobeh.
    41 | D        | Found a burning altar of Makhleb.
    41 | D        | Found a viscous altar of Jiyva.
    41 | D        | Found a hazy altar of Hepliaklqana.
    41 | D        | Found an opulent altar of Gozag.
    41 | D        | Found a blossoming altar of Fedhas.
    41 | D        | Found a white marble altar of Elyvilon.
    41 | D        | Found a shadowy altar of Dithmenos.
    41 | D        | Found a snail-covered altar of Cheibriados.
    42 | D        | Found a radiant altar of Vehumet.
    42 | D        | Found a corrupted altar of Lugonu.
    43 | D        | Found an ancient bone altar of Kikubaaqudgha.
    43 | D        | Found a hide-covered altar of Uskayaw.
    43 | D        | Found a broken altar of Ashenzari.
    44 | D        | Became a worshipper of Sif Muna the Loreminder
    60 | D        | Reached * piety under Sif Muna
   307 | D        | Noticed a scorpion
   354 | D        | Killed a scorpion
   355 | D        | Reached skill level 5 in Earth Magic
   355 | D        | Reached XP level 2. HP: 8/13 MP: 0/8
   355 | D        | Reached XP level 3. HP: 10/16 MP: 0/10
   631 | D        | Reached skill level 5 in Spellcasting
   633 | D        | Reached ** piety under Sif Muna
   634 | D        | Reached XP level 4. HP: 21/21 MP: 7/12
   638 | D        | Learned a level 3 spell: Stone Arrow
   772 | D        | Reached skill level 1 in Short Blades
   773 | D        | Reached skill level 1 in Alchemy
   779 | D        | Reached *** piety under Sif Muna
   944 | D        | Noticed a brain worm
   946 | D        | Killed a brain worm
   947 | D        | Reached skill level 5 in Stealth
   947 | D        | Reached skill level 6 in Earth Magic
   947 | D        | Reached XP level 5. HP: 24/24 MP: 11/14
  1124 | D        | Noticed a black bear
  1124 | D        | Noticed a sky beast
  1162 | D        | Killed a sky beast
  1188 | D        | Reached skill level 7 in Earth Magic
  1188 | D        | Reached XP level 6. HP: 28/28 MP: 12/16
  1188 | D        | Reached **** piety under Sif Muna
  1621 | D        | Reached ***** piety under Sif Muna
  1622 | D        | Reached skill level 8 in Earth Magic
  1622 | D        | Reached skill level 5 in Invocations
  1627 | D        | Learned a level 4 spell: Petrify
  1756 | D        | Noticed a fire bat
  1759 | D        | Killed a fire bat
  1760 | D        | Reached skill level 5 in Short Blades
  1760 | D        | Reached skill level 5 in Alchemy
  1760 | D        | Reached XP level 7. HP: 24/32 MP: 12/19
  1804 | D        | Noticed Gastronok
  1806 | D        | Killed from afar by Gastronok

Illustrated notes

Levels and vault maps discovered:
D:        pitsprint [storerooms_1, entrance_room_1, metal_vault_1, armoury_3,
          mini_pit_1, grid_room_1, main_hall_1, silver_pit, the_coven_2,
          the_vestibule_1, steel_vault_2, golden_pit, hallway_of_sentries,
          crystal_vault_1, iron_vault_2, final_vault]

Skill      XL: |  1  2  3  4  5  6 |
---------------+-------------------+-----
Spellcasting   | 4 5 6 7 |  7.9
Conjurations   | 2 3 4 |  4.6
Earth Magic    | 5 6 7 8 |  8.4
Invocations    | 2 3 4 5 |  5.5
Short Blades   | 2 3 5 |  5.0
Alchemy        | 2 3 5 |  5.0
Stealth        | 5 6 7 |  7.0
Dodging        | |  2.6

Action                     |  1- 3 |  4- 6 |  7- 9 || total
---------------------------+-------+-------+-------++-------
   Cast: Sandblast         |    18 |    16 |       ||    34
         Stone Arrow       |       |     9 |     2 ||    11
 Armour: Robe              |     4 |     2 |     1 ||     7
  Dodge: Dodged            |     7 |     9 |       ||    16
